 Dungeon Crawl Stone Soup version 0.21.0 (webtiles) character file.

20795 Timinator the Martial Artist (level 12, -1/92 (95) HPs)
             Began as a Vampire Transmuter on Jan 8, 2018.
             Was a High Priest of Kikubaaqudgha.
             Slain by an orc knight
             ... wielding a +0 great sword
              (23 damage)
             ... on level 1 of the Orcish Mines.
             The game lasted 02:22:15 (11754 turns).

Timinator the Martial Artist (Vampire Transmuter)  Turns: 11754, Time: 02:22:15

HP:   -1/92 (95)    AC:  6    Str:  9    XL:     12   Next: 48%
MP:   0/20          EV: 27    Int: 16    God:    Kikubaaqudgha [*****.]
Gold: 1695          SH:  0    Dex: 23    Spells: 2/25 levels left

rFire    + . .     SeeInvis +     - Unarmed
rCold    . . .     Gourm    .   (shield currently unavailable)
rNeg     + . .     Faith    .   e - +2 robe {rN+}
rPois    .         Spirit   +   b - +0 helmet
rElec    .         Reflect  .   f - +0 cloak
rCorr    .         Harm     .   (gloves currently unavailable)
MR       +....                  (no boots)
Stlth    ++........             N - amulet of guardian spirit
HPRegen  0.45/turn              l - +4 ring of dexterity
MPRegen  0.17/turn              v - +5 ring of evasion

@: blade hands, regenerating quickly
A: fangs 3, see invisible, blink, fire resistance 1, low mp 1, unbreathing
a: End Transformation, Blink, Receive Corpses, Torment, Renounce Religion


You were on level 1 of the Orcish Mines.
You worshipped Kikubaaqudgha.
Kikubaaqudgha was extremely pleased with you.
You were full.
You had blades for hands.
You visited 3 branches of the dungeon, and saw 15 of its levels.

You collected 1695 gold pieces.

Inventory:

Missiles
 a - 224 arrows
 m - 9 javelins (quivered)
Armour
 b - a +0 helmet (worn)
 e - a +2 robe of positive energy (worn)
 f - a +0 cloak (worn)
 u - a +2 ring mail of cold resistance
 C - a +2 pair of gloves of strength (melded)
Jewellery
 g - an uncursed amulet of regeneration
 l - a +4 ring of dexterity (left scythe-like blade)
 v - a +5 ring of evasion (right scythe-like blade)
 G - an uncursed ring of fire
 N - an amulet of guardian spirit (around neck)
Wands
 i - a wand of enslavement (13)
 t - a wand of digging (12)
 H - a wand of random effects (43)
Scrolls
 j - 3 scrolls of magic mapping
 n - 3 scrolls of teleportation
 y - a scroll of fog {unknown}
 B - a scroll of brand weapon {unknown}
 D - a scroll of vulnerability {unknown}
 J - a scroll of acquirement {unknown}
 M - a scroll of summoning {unknown}
Potions
 d - 23 potions of blood
 h - 3 potions of lignification
 p - 3 potions of curing
 q - 2 potions of flight
 s - a potion of resistance
 w - 2 potions of brilliance {unknown}
 x - a potion of agility
 A - 2 potions of magic {unknown}
 L - a potion of heal wounds {unknown}
 O - a potion of cancellation {unknown}
Books
 c - a book of Changes

   Spells                             Type                      Level
   a - Beastly Appendage              Transmutation                1
   b - Sticks to Snakes               Transmutation                2
   c - Spider Form                    Transmutation/Poison         3
   d - Ice Form                       Ice/Transmutation            4
   e - Blade Hands                    Transmutation                5
 k - Kikubaaqudgha's Incunabulum of Necromancy
   (Kikubaaqudgha gifted it to you on level 10 of the Dungeon)

   Spells                             Type                      Level
   a - Excruciating Wounds            Charms/Necromancy            5
   b - Agony                          Necromancy                   5
   c - Borgnjor's Vile Clutch         Necromancy/Earth             5
   d - Dispel Undead                  Necromancy                   5
   e - Simulacrum                     Ice/Necromancy               6
 E - Kikubaaqudgha's Compendium of Evil Magic
   (Kikubaaqudgha gifted it to you on level 9 of the Dungeon)

   Spells                             Type                      Level
   a - Pain                           Necromancy                   1
   b - Corpse Rot                     Necromancy                   2
   c - Sublimation of Blood           Necromancy                   2
   d - Vampiric Draining              Necromancy                   3
 K - a book of Minor Magic

   Spells                             Type                      Level
   a - Magic Dart                     Conjuration                  1
   b - Blink                          Translocation                2
   c - Call Imp                       Summoning                    2
   d - Slow                           Hexes                        2
   e - Conjure Flame                  Conjuration/Fire             3
   f - Mephitic Cloud                 Conjuration/Poison/Air       3
Miscellaneous
 F - a box of beasts
 I - a fan of gales


   Skills:
 * Level 9.3 Fighting
 * Level 10.9 Dodging
 * Level 11.2 Unarmed Combat
 + Level 7.1 Spellcasting
 * Level 1.0 Necromancy
 - Level 10.7 Transmutations


You had 2 spell levels left.
You knew the following spells:

 Your Spells              Type           Power        Failure   Level  Hunger
a - Beastly Appendage     Tmut           #####.       8%          1    None
b - Confusing Touch       Hex            #.....       50%         1    None
c - Blade Hands           Tmut           #####.....   30%         5    #####..
d - Ice Form              Ice/Tmut       ###.....     52%         4    ####...
e - Agony                 Necr           #.......     99%         5    #####..
f - Dispel Undead         Necr           #.......     99%         5    #####..
g - Sublimation of Blood  Necr           #.........   50%         2    None


Dungeon Overview and Level Annotations

Branches:
Dungeon (12/15)            Temple (1/1) D:7            Lair (0/6) D:10
    Orc (2/2) D:10            Elf (0/3) Orc:2

Altars:
Ashenzari
Dithmenos
Elyvilon
Gozag
Hepliaklqana
Kikubaaqudgha
Makhleb
Nemelex Xobeh
Vehumet
Yredelemnul
Zin

Shops:
D:7 }


Innate Abilities, Weirdness & Mutations

Your natural rate of healing is unusually fast.
You have razor-sharp teeth.
You have supernaturally acute eyesight. (SInv)
You can survive without breathing.
You can translocate small distances at will.
Your flesh is heat resistant. (rF+)
Your magical capacity is low. (-10% MP)


Message History

Evoke which item? (* to show all) (? for menu, Esc to quit)
Okay, then.
Evoke which item? (* to show all) (? for menu, Esc to quit)
Aiming: Cloud Cone
Press: ? - help, Dir - move target cursor, f - orc knight
Aim: an orc knight, wielding a great sword and wearing a shiny chain mail (severely wounded)
You create a blast of noxious fumes!
The now-empty wand crumbles to dust.
The orc knight is engulfed in noxious fumes.
The orc knight appears confused.
Casting: Blade Hands
Confirm with . or Enter, or press ? or * to list all spells.
Your hands turn into razor-sharp scythe blades.
Your +2 pair of gloves of strength melds into your body.
You feel weaker.
The orc knight seems less confused.
You slash the orc knight!
The orc knight is almost dead.
The orc knight hits you with a great sword!!
You die...
Kikubaaqudgha rasps: "You have failed me!
Welcome... oblivion!"

#### ##..###
##.....##
##.......#
##........###
#....o@.....##
####....#§§§...##
#.......#§§§....##
#.....###§§§§....##
#......####§§.....#
#......##.#......##
#.#.............##
###........)...##
##..........##


You could see an orc knight.

Vanquished Creatures
  A centaur warrior (D:11)
  A two-headed ogre (D:12)
  An orc high priest (Orc:1)
  A wizard (D:10)
  3 orc knights
  5 orc sorcerers
  2 cyclopes
  An ugly thing (D:12)
  4 centaur zombies
  2 kobold demonologists
  A hornet (D:9)
  7 trolls
  4 hippogriffs
  Sigmund (D:3)
  A wyvern (D:12)
  5 large abominations (D:10)
  The ghost of RedSky the Covered, an amateur DDFi of Makhleb (D:3)
  9 yaks
  Grum (D:9)
  2 hungry ghosts
  3 vampire mosquitoes
  3 wargs
  2 hell hounds (D:10)
  8 orc warriors
  An eye of draining (D:12)
  2 sky beasts
  7 small abominations (D:10)
  2 black bears
  A necrophage (D:4)
  7 ogres
  6 centaurs
  2 wolves (D:9)
  2 big kobolds
  5 bullfrogs
  A gnoll sergeant (D:10)
  A scorpion (D:6)
  3 killer bees (D:9)
  6 wights
  A howler monkey (D:10)
  2 bullfrog zombies
  A quasit (D:10)
  3 crimson imps
  13 orc priests
  6 jellies
  A centaur skeleton (D:7)
  6 hounds
  A bullfrog skeleton (D:12)
  12 orc wizards
  3 iguanas
  7 worker ants
  A killer bee zombie (D:5)
  2 hound skeletons
  12 gnolls
  2 howler monkey skeletons
  12 adders
  5 oozes (D:8)
  2 adder skeletons
  2 worms
  A dart slug (D:4)
  3 leopard geckos
  58 orcs
  7 giant cockroaches
  2 goblins
  5 hobgoblins
  5 jackals
  13 kobolds
  4 quokkas
  13 bats
  A frilled lizard (D:1)
  2 leopard gecko skeletons (D:4)
  A quokka zombie (D:9)
  8 rats
  3 fungi (D:10)
335 creatures vanquished.

Notes
Turn   | Place    | Note
-------+----------+-------------------------------------------
     0 | D:1      | Timinator the Vampire Transmuter began the quest for the Orb.
     0 | D:1      | Reached XP level 1. HP: 14/14 MP: 3/3
    41 | D:1      | Reached skill level 1 in Fighting
   336 | D:1      | Reached XP level 2. HP: 22/22 MP: 5/5
   741 | D:2      | Reached XP level 3. HP: 3/27 MP: 4/6
  1060 | D:2      | Found an opulent altar of Gozag.
  1507 | D:3      | Noticed RedSky's ghost (amateur DDFi)
  1549 | D:3      | Killed RedSky's ghost
  1549 | D:3      | Reached skill level 4 in Unarmed Combat
  1549 | D:3      | Reached XP level 4. HP: 6/34 MP: 6/8
  1549 | D:3      | Reached XP level 5. HP: 7/40 MP: 6/9
  1814 | D:3      | Found a radiant altar of Vehumet.
  1814 | D:3      | Found a white marble altar of Elyvilon.
  1830 | D:3      | Gained mutation: You occasionally shout uncontrollably at your foes. [potion of mutation]
  1830 | D:3      | Gained mutation: Your magical capacity is low. (-10% MP) [potion of mutation]
  1830 | D:3      | Gained mutation: Your flesh is heat resistant. (rF+) [potion of mutation]
  1830 | D:3      | Gained mutation: You are partially covered in thin metallic scales. (AC +2) [potion of mutation]
  1831 | D:3      | Lost mutation: You occasionally shout uncontrollably at your foes. [potion of mutation]
  1831 | D:3      | Lost mutation: You are partially covered in thin metallic scales. (AC +2) [potion of mutation]
  1831 | D:3      | Gained mutation: You can translocate small distances at will. [potion of mutation]
  1924 | D:3      | Learned a level 1 spell: Confusing Touch
  1957 | D:3      | Noticed Sigmund
  1992 | D:3      | Killed Sigmund
  1992 | D:3      | Reached XP level 6. HP: 36/47 MP: 9/9
  2594 | D:4      | Reached XP level 7. HP: 52/52 MP: 10/10
  2907 | D:5      | Entered Level 5 of the Dungeon
  2921 | D:5      | Reached skill level 5 in Unarmed Combat
  3567 | D:5      | Learned a level 5 spell: Blade Hands
  3721 | D:5      | Reached skill level 5 in Dodging
  3721 | D:5      | Reached XP level 8. HP: 57/57 MP: 10/12
  3735 | D:5      | Learned a level 4 spell: Ice Form
  4107 | D:6      | Reached skill level 6 in Unarmed Combat
  4107 | D:6      | Reached skill level 5 in Transmutations
  4374 | D:6      | Found a shadowy altar of Dithmenos.
  4395 | D:6      | Learned a level 1 spell: Confusing Touch
  4492 | D:6      | Found a burning altar of Makhleb.
  5000 | D:7      | Found a shattered altar of Ashenzari.
  5112 | D:7      | Found Opiys's Gadget Shop.
  5212 | D:7      | Reached skill level 5 in Fighting
  5333 | D:7      | Found a staircase to the Ecumenical Temple.
  5342 | Temple   | Entered the Ecumenical Temple
  5349 | Temple   | Became a worshipper of Kikubaaqudgha
  5794 | D:8      | Noticed a hippogriff
  5806 | D:8      | Killed a hippogriff
  5806 | D:8      | Reached XP level 9. HP: 48/65 MP: 12/14
  6235 | D:8      | Reached skill level 7 in Unarmed Combat
  6538 | D:9      | Noticed Grum
  6581 | D:9      | Killed Grum
  6581 | D:9      | Reached * piety under Kikubaaqudgha
  6581 | D:9      | Identified Kikubaaqudgha's Compendium of Evil Magic (Kikubaaqudgha gifted it to you on level 9 of the Dungeon)
  6581 | D:9      | Received a gift from Kikubaaqudgha
  6852 | D:9      | Reached skill level 5 in Spellcasting
  6859 | D:9      | Reached skill level 8 in Unarmed Combat
  6867 | D:9      | Reached XP level 10. HP: 63/74 MP: 8/16
  7297 | D:10     | Entered Level 10 of the Dungeon
  7400 | D:10     | Reached ** piety under Kikubaaqudgha
  7501 | D:10     | Found a staircase to the Orcish Mines.
  7661 | D:10     | Reached skill level 9 in Unarmed Combat
  7943 | D:10     | Found a staircase to the Lair.
  8051 | D:10     | Reached XP level 11. HP: 59/81 MP: 9/17
  8102 | D:10     | Noticed a wizard
  8107 | D:10     | Paralysed by a wizard for 5 turns
  8117 | D:10     | Killed a wizard
  8124 | D:10     | Noticed a large abomination
  8125 | D:10     | Reached *** piety under Kikubaaqudgha
  8125 | D:10     | Identified Kikubaaqudgha's Incunabulum of Necromancy (Kikubaaqudgha gifted it to you on level 10 of the Dungeon)
  8125 | D:10     | Received a gift from Kikubaaqudgha
  8289 | D:10     | Killed a large abomination
  8413 | D:10     | Learned a level 5 spell: Agony
  8419 | D:10     | Learned a level 5 spell: Dispel Undead
  9112 | D:12     | Noticed a centaur warrior
  9246 | D:11     | Killed a centaur warrior
  9246 | D:11     | Reached skill level 10 in Unarmed Combat
  9462 | D:12     | Noticed a green ugly thing
  9465 | D:12     | Reached **** piety under Kikubaaqudgha
  9474 | D:12     | Killed a green ugly thing
  9558 | D:12     | Noticed a two-headed ogre
  9671 | D:11     | Reached skill level 10 in Dodging
  9725 | D:12     | Killed a two-headed ogre
  9729 | D:12     | Reached skill level 10 in Transmutations
 10120 | Orc:1    | Entered Level 1 of the Orcish Mines
 10141 | Orc:1    | Noticed an orc high priest
 10142 | Orc:1    | Noticed a soul eater
 10193 | Orc:1    | Noticed an orc sorcerer
 10290 | D:10     | Killed an orc sorcerer
 10290 | D:10     | Reached XP level 12. HP: 91/91 MP: 10/19
 10527 | D:10     | Learned a level 2 spell: Sublimation of Blood
 10549 | Orc:1    | Killed an orc high priest
 10958 | Orc:2    | Entered Level 2 of the Orcish Mines
 10969 | Orc:2    | Found a staircase to the Elven Halls.
 11124 | Orc:1    | Reached skill level 11 in Unarmed Combat
 11427 | Orc:2    | Reached ***** piety under Kikubaaqudgha
 11567 | Orc:2    | Paralysed by an orc sorcerer for 4 turns
 11700 | Orc:2    | Reached skill level 1 in Necromancy
 11754 | Orc:1    | Slain by an orc knight

Skill      XL: |  1  2  3  4  5  6  7  8  9 10 11 12 |
---------------+-------------------------------------+-----
Fighting       | 1 2 3 4 5 6 7 8 9 |  9.3
Dodging        | 3 4 5 6 7 8 10 | 10.9
Unarmed Combat | 4 5 6 8 9 10 11 | 11.2
Spellcasting   | 3 4 5 6 7 |  7.1
Transmutations | 3 4 6 7 8 10 | 10.7
Necromancy     | 1 |  1.0

Action                   |  1- 3 |  4- 6 |  7- 9 | 10-12 || total
-------------------------+-------+-------+-------+-------++-------
Melee: Unarmed           |   165 |   139 |   474 |   557 ||  1335
       Bite              |    11 |    14 |    70 |    60 ||   155
       Kick              |     6 |    14 |   121 |    13 ||   154
       Headbutt          |     4 |     9 |    10 |       ||    23
       Punch             |     2 |     2 |    16 |    26 ||    46
Throw: Javelin           |       |       |     6 |       ||     6
 Cast: Beastly Appendage |     7 |     9 |    40 |     5 ||    61
       Confusing Touch   |       |     3 |    18 |    25 ||    46
       Ice Form          |       |       |     2 |     1 ||     3
       Blade Hands       |       |       |       |    57 ||    57
 Abil: End Transformatio |       |       |     1 |     3 ||     4
       Bat Form          |       |       |     1 |       ||     1
       Blink             |       |       |       |    10 ||    10
Evoke: Wand              |       |       |       |     1 ||     1
  Use: Potion            |     7 |     2 |    16 |    26 ||    51
       Scroll            |     6 |     2 |    11 |     6 ||    25
 Stab: Sleeping          |     1 |       |     2 |     1 ||     4
       Confused          |       |     2 |    11 |     9 ||    22
  Eat: Corpse            |     7 |     4 |     9 |    16 ||    36
Armor: Robe              |    51 |    29 |    36 |    33 ||   149
       Ring mail         |       |       |    25 |    11 ||    36
       Skin              |       |       |     3 |     4 ||     7
Dodge: Dodged            |   150 |    76 |   381 |   497 ||  1104
